TOP OF THE 1ST |
Niagara Falls Frenzy batting - Pitching for St Charles Sheens : LHP Ben Moody
|
Pitching: LHP Ben Moody
|
|
Batting: RHB Eichiro Yamamoto
|
0-0: Called Strike 0-1: Ball 1-1: Ball 2-1: Foul Ball, location: 2F 2-2: Ground out 4-3 (Groundball, 4)
|
Batting: LHB Clyde Yarbrough
|
0-0: DOUBLE (Line Drive, 8RM)
|
Batting: LHB Dante Owens
|
0-0: Foul Ball, location: 2F 0-1: Foul Ball, location: 2F 0-2: Ball 1-2: Foul Ball, location: 2F 1-2: Ball 2-2: Ball 3-2: SINGLE (Groundball, 6MD) Clyde Yarbrough to third Runner from 3rd tries for Home, SAFE, no throw or cutoff
|
Batting: LHB Donovan Bird
|
0-0: Fly out, F8 (Flyball, 8RD)
|
Batting: RHB Lawrence Schroeder
|
0-0: Called Strike 0-1: Swinging Strike 0-2: Ball Dante Owens is caught stealing 2nd base
|
Top of the 1st over - 1 run(s), 2 hit(s), 0 error(s), 0 left on base; Niagara Falls 1 - St Charles 0 |
BOTTOM OF THE 1ST |
St Charles Sheens batting - Pitching for Niagara Falls Frenzy : RHP Étienne Garcia
|
Pitching: RHP Étienne Garcia
|
|
Batting: LHB Marcos Cantú
|
0-0: Ball 1-0: Called Strike 1-1: Swinging Strike 1-2: SINGLE (Line Drive, 8RS)
|
Batting: RHB Kel Pierce
|
0-0: Ball 1-0: Foul Ball, location: 2F 1-1: Called Strike 1-2: Ball 2-2: Strikes out swinging
|
Batting: LHB Gene Cooper
|
0-0: Ball 1-0: Called Strike 1-1: Fly out, F7 (Line Drive, 78S)
|
Batting: RHB Max Rash
|
0-0: Ball 1-0: Ball Marcos Cantú steals 2nd base 2-0: Called Strike 2-1: Ball 3-1: Foul Ball, location: 2F 3-2: Strikes out swinging
|
Bottom of the 1st over - 0 run(s), 1 hit(s), 0 error(s), 1 left on base; Niagara Falls 1 - St Charles 0 |
TOP OF THE 2ND |
Niagara Falls Frenzy batting - Pitching for St Charles Sheens : LHP Ben Moody
|
Batting: RHB Lawrence Schroeder
|
0-0: Ball 1-0: Foul Ball, location: 2F 1-1: Called Strike 1-2: SINGLE (Flyball, 89S)
|
Batting: SHB Shumei Yokoyama
|
0-0: Swinging Strike 0-1: Ball 1-1: Foul Ball, location: 2F 1-2: Fly out, F7 (Line Drive, 7D)
|
Batting: RHB Ángel Hinojosa
|
0-0: Ball 1-0: Ball 2-0: Foul Ball, location: 2F 2-1: Foul Ball, location: 2F 2-2: Foul Ball, location: 2F 2-2: Strikes out swinging
|
Batting: RHB Cordell Gibson
|
0-0: Called Strike 0-1: Swinging Strike 0-2: Strikes out swinging
|
Top of the 2nd over - 0 run(s), 1 hit(s), 0 error(s), 1 left on base; Niagara Falls 1 - St Charles 0 |
BOTTOM OF THE 2ND |
St Charles Sheens batting - Pitching for Niagara Falls Frenzy : RHP Étienne Garcia
|
Batting: LHB Jeff Carter
|
0-0: Ball 1-0: Foul Ball, location: 2F 1-1: Ball 2-1: SINGLE (Line Drive, 4D)
|
Batting: RHB Alfredo Rivera
|
0-0: Foul Ball, location: 2F 0-1: Ball 1-1: Ball 2-1: Fly out, F4 (Popup, 6MD)
|
Batting: LHB Bob Ware
|
0-0: Fielders Choice at 2nd, 4-6 (Groundball, 4)
|
Batting: RHB Xavier Feliciano
|
0-0: Ball 1-0: Ball 2-0: Fly out, F9 (Flyball, 9M)
|
Bottom of the 2nd over - 0 run(s), 1 hit(s), 0 error(s), 1 left on base; Niagara Falls 1 - St Charles 0 |
TOP OF THE 3RD |
Niagara Falls Frenzy batting - Pitching for St Charles Sheens : LHP Ben Moody
|
Batting: RHB Juan Carlos Rodríguez
|
0-0: Ball 1-0: Swinging Strike 1-1: DOUBLE (Flyball, 89D)
|
Batting: RHB Eichiro Yamamoto
|
0-0: Called Strike 0-1: Ball 1-1: Ball 2-1: Swinging Strike 2-2: Strikes out swinging
|
Batting: LHB Clyde Yarbrough
|
0-0: Swinging Strike 0-1: Ball 1-1: Swinging Strike 1-2: Ground out 5-3 (Groundball, 5)
|
Batting: LHB Dante Owens
|
0-0: Ball 1-0: Ball 2-0: Ball 3-0: Base on Balls
|
Batting: LHB Donovan Bird
|
0-0: Ball 1-0: Fly out, F6 (Popup, 6MD)
|
Top of the 3rd over - 0 run(s), 1 hit(s), 0 error(s), 2 left on base; Niagara Falls 1 - St Charles 0 |
BOTTOM OF THE 3RD |
St Charles Sheens batting - Pitching for Niagara Falls Frenzy : RHP Étienne Garcia
|
Batting: RHB Júlio Hernández
|
0-0: Called Strike 0-1: Fly out, F9 (Flyball, 89S)
|
Batting: LHB Marcos Cantú
|
0-0: Ball 1-0: Swinging Strike 1-1: Ball 2-1: Foul Ball, location: 2F 2-2: Foul Ball, location: 2F 2-2: Foul Ball, location: 2F 2-2: Foul Ball, location: 2F 2-2: Foul Ball, location: 2F 2-2: DOUBLE (Flyball, 89XD)
|
Batting: RHB Kel Pierce
|
0-0: Called Strike 0-1: Ball 1-1: Ground out 4-3 (Groundball, 4M) Marcos Cantú to third
|
Batting: LHB Gene Cooper
|
0-0: Called Strike 0-1: Ball 1-1: Foul Ball, location: 2F 1-2: Strikes out swinging
|
Bottom of the 3rd over - 0 run(s), 1 hit(s), 0 error(s), 1 left on base; Niagara Falls 1 - St Charles 0 |
TOP OF THE 4TH |
Niagara Falls Frenzy batting - Pitching for St Charles Sheens : LHP Ben Moody
|
Batting: RHB Lawrence Schroeder
|
0-0: Swinging Strike 0-1: Fly out, F8 (Flyball, 8RM)
|
Batting: SHB Shumei Yokoyama
|
0-0: Foul Ball, location: 2F 0-1: Ball 1-1: Ground out 5-3 (Groundball, 6S)
|
Batting: RHB Ángel Hinojosa
|
0-0: Called Strike 0-1: Ball 1-1: Foul Ball, location: 2F 1-2: Ground out 6-3 (Groundball, 6)
|
Top of the 4th over - 0 run(s), 0 hit(s), 0 error(s), 0 left on base; Niagara Falls 1 - St Charles 0 |
BOTTOM OF THE 4TH |
St Charles Sheens batting - Pitching for Niagara Falls Frenzy : RHP Étienne Garcia
|
Batting: RHB Max Rash
|
0-0: Ball 1-0: Ball 2-0: DOUBLE (Flyball, 89XD)
|
Batting: LHB Jeff Carter
|
0-0: Reached on error, E4 (Groundball, 4) Max Rash scores
|
Batting: RHB Alfredo Rivera
|
0-0: Fly out, F8 (Flyball, 8RD) Runner from 2nd tags up, SAFE at 3rd, no throw
|
Batting: LHB Bob Ware
|
0-0: Called Strike 0-1: Ball 1-1: Ball 2-1: Ball 3-1: Called Strike 3-2: Foul Ball, location: 2F 3-2: Ground out U3 (Groundball, 3L)
|
Batting: RHB Xavier Feliciano
|
0-0: Called Strike 0-1: Swinging Strike 0-2: Ball 1-2: Ball 2-2: Strikes out looking
|
Bottom of the 4th over - 1 run(s), 1 hit(s), 1 error(s), 1 left on base; Niagara Falls 1 - St Charles 1 |
TOP OF THE 5TH |
Niagara Falls Frenzy batting - Pitching for St Charles Sheens : LHP Ben Moody
|
Batting: RHB Cordell Gibson
|
0-0: Called Strike 0-1: Ball 1-1: Called Strike 1-2: Ball 2-2: Strikes out swinging
|
Batting: RHB Juan Carlos Rodríguez
|
0-0: Ball 1-0: Foul Ball, location: 2F 1-1: Ground out 5-3 (Groundball, 15S)
|
Batting: RHB Eichiro Yamamoto
|
0-0: Foul Ball, location: 2F 0-1: Ball 1-1: Swinging Strike 1-2: Strikes out swinging
|
Top of the 5th over - 0 run(s), 0 hit(s), 0 error(s), 0 left on base; Niagara Falls 1 - St Charles 1 |
BOTTOM OF THE 5TH |
St Charles Sheens batting - Pitching for Niagara Falls Frenzy : RHP Étienne Garcia
|
Batting: RHB Júlio Hernández
|
0-0: Ball 1-0: Ball 2-0: Ground out 1-3 (Groundball, 34S)
|
Batting: LHB Marcos Cantú
|
0-0: Called Strike 0-1: SINGLE (Line Drive, 89S)
|
Batting: RHB Kel Pierce
|
0-0: Foul Ball, location: 2F 0-1: Ball 1-1: Foul Ball, location: 2F 1-2: Ball 2-2: Fly out, F9 (Line Drive, 9M)
|
Batting: LHB Gene Cooper
|
0-0: Ball Marcos Cantú is caught stealing 2nd base
|
Bottom of the 5th over - 0 run(s), 1 hit(s), 0 error(s), 0 left on base; Niagara Falls 1 - St Charles 1 |
TOP OF THE 6TH |
Niagara Falls Frenzy batting - Pitching for St Charles Sheens : LHP Ben Moody
|
Batting: LHB Clyde Yarbrough
|
0-0: Ball 1-0: Ball 2-0: Foul Ball, location: 2F 2-1: SINGLE (Groundball, 4MD)
|
Batting: LHB Dante Owens
|
0-0: Called Strike 0-1: Fly out, F4 (Line Drive, 34)
|
Batting: LHB Donovan Bird
|
0-0: Swinging Strike 0-1: Ball 1-1: Called Strike 1-2: Ball Clyde Yarbrough steals 2nd base 2-2: Ground out 4-3 (Groundball, 4MS) Clyde Yarbrough to third
|
Batting: RHB Lawrence Schroeder
|
0-0: Ground out U3 (Groundball, 3)
|
Top of the 6th over - 0 run(s), 1 hit(s), 0 error(s), 1 left on base; Niagara Falls 1 - St Charles 1 |
BOTTOM OF THE 6TH |
St Charles Sheens batting - Pitching for Niagara Falls Frenzy : RHP Étienne Garcia
|
Batting: LHB Gene Cooper
|
0-0: Ball 1-0: Ball 2-0: SINGLE (Line Drive, 4D)
|
Batting: RHB Max Rash
|
0-0: Ball 1-0: Foul Ball, location: 2F 1-1: Called Strike 1-2: Foul Ball, location: 2F 1-2: Strikes out looking
|
Batting: LHB Jeff Carter
|
0-0: Called Strike 0-1: Foul Ball, location: 2F 0-2: Grounds into double play, 4-6-3 (Groundball, 4)
|
Bottom of the 6th over - 0 run(s), 1 hit(s), 0 error(s), 0 left on base; Niagara Falls 1 - St Charles 1 |
TOP OF THE 7TH |
Niagara Falls Frenzy batting - Pitching for St Charles Sheens : LHP Ben Moody
|
Batting: SHB Shumei Yokoyama
|
0-0: Called Strike 0-1: Fly out, F9 (Flyball, 9LD)
|
Batting: RHB Ángel Hinojosa
|
0-0: Called Strike 0-1: Ball 1-1: Foul Ball, location: 2F 1-2: Ball 2-2: Ball 3-2: Strikes out looking
|
Batting: RHB Cordell Gibson
|
0-0: SINGLE (Groundball, 4MD)
|
Batting: RHB Juan Carlos Rodríguez
|
0-0: Ball 1-0: Fly out, F7 (Flyball, 7D)
|
Top of the 7th over - 0 run(s), 1 hit(s), 0 error(s), 1 left on base; Niagara Falls 1 - St Charles 1 |
BOTTOM OF THE 7TH |
St Charles Sheens batting - Pitching for Niagara Falls Frenzy : RHP Étienne Garcia
|
Batting: RHB Alfredo Rivera
|
0-0: DOUBLE (Groundball, 5L)
|
Batting: LHB Bob Ware
|
0-0: Intentional Walk
|
Pitching: RHP Ángel Francisco
|
|
Batting: RHB Xavier Feliciano
|
0-0: Sac Bunt - play at first, batter OUT! 1-4 Alfredo Rivera to third Bob Ware to second
|
Pinch Hitting: RHB Judson Backstrom
|
0-0: Ball 1-0: Ball 2-0: Foul Ball, location: 2F 2-1: Ball 3-1: Fly out, F7 (Popup, 6D)
|
Batting: LHB Marcos Cantú
|
0-0: Ball 1-0: Called Strike 1-1: Ball 2-1: Foul Ball, location: 2F 2-2: Ball 3-2: Strikes out looking
|
Bottom of the 7th over - 0 run(s), 1 hit(s), 0 error(s), 2 left on base; Niagara Falls 1 - St Charles 1 |
TOP OF THE 8TH |
Niagara Falls Frenzy batting - Pitching for St Charles Sheens : LHP Ben Moody
|
Now in LF: Judson Backstrom
|
|
Batting: RHB Eichiro Yamamoto
|
0-0: Ball 1-0: Called Strike 1-1: Foul Ball, location: 2F 1-2: Strikes out looking
|
Batting: LHB Clyde Yarbrough
|
0-0: Ball 1-0: Foul Ball, location: 2F 1-1: Ball 2-1: Foul Ball, location: 2F 2-2: Ball 3-2: Base on Balls
|
Batting: LHB Dante Owens
|
0-0: Ball 1-0: Called Strike 1-1: Ball 2-1: Foul Ball, location: 2F 2-2: Foul Ball, location: 2F 2-2: Fly out, F6 (Popup, 7S)
|
Pitching: LHP Shan Liu
|
|
Batting: LHB Donovan Bird
|
0-0: Ball 1-0: Foul Ball, location: 2F 1-1: Ball 2-1: Called Strike 2-2: Ball 3-2: SINGLE (Groundball, 34) Clyde Yarbrough to second Clyde Yarbrough to third
|
Batting: RHB Lawrence Schroeder
|
0-0: Ball 1-0: Called Strike 1-1: Ground out U3 (Groundball, 3)
|
Top of the 8th over - 0 run(s), 1 hit(s), 0 error(s), 2 left on base; Niagara Falls 1 - St Charles 1 |
BOTTOM OF THE 8TH |
St Charles Sheens batting - Pitching for Niagara Falls Frenzy : RHP Ángel Francisco
|
Batting: RHB Kel Pierce
|
0-0: Ball 1-0: Ball 2-0: Foul Ball, location: 2F 2-1: Ground out U3 (Groundball, 3S)
|
Batting: LHB Gene Cooper
|
0-0: Called Strike 0-1: Ground out 1-3 (Groundball, 15)
|
Batting: RHB Max Rash
|
0-0: Called Strike 0-1: Ground out 4-3 (Groundball, 4)
|
Bottom of the 8th over - 0 run(s), 0 hit(s), 0 error(s), 0 left on base; Niagara Falls 1 - St Charles 1 |
TOP OF THE 9TH |
Niagara Falls Frenzy batting - Pitching for St Charles Sheens : LHP Shan Liu
|
Pitching: RHP Juan Rivera
|
|
Batting: SHB Shumei Yokoyama
|
0-0: Ball 1-0: Foul Ball, location: 2F 1-1: Foul Ball, location: 2F 1-2: Ball 2-2: Ball 3-2: SINGLE (Groundball, 34D)
|
Batting: RHB Ángel Hinojosa
|
0-0: Bunted foul 0-1: Sac Bunt - play at first, batter OUT! 6-4 Shumei Yokoyama to second
|
Pinch Hitting: LHB Seung-woo Yi
|
0-0: Ball 1-0: Called Strike 1-1: Foul Ball, location: 2F 1-2: Foul Ball, location: 2F 1-2: Ball 2-2: DOUBLE (Line Drive, 9LD) Shumei Yokoyama scores
|
Pinch Hitting: SHB Ray Burgess
|
0-0: Intentional Walk
|
Batting: RHB Eichiro Yamamoto
|
0-0: Called Strike 0-1: Called Strike 0-2: Ball 1-2: Strikes out swinging
|
Pitching: LHP Francisco Moreno
|
|
Batting: LHB Clyde Yarbrough
|
0-0: Foul Ball, location: 2F 0-1: Foul Ball, location: 2F 0-2: Ball 1-2: Ball 2-2: Strikes out swinging
|
Top of the 9th over - 1 run(s), 2 hit(s), 0 error(s), 2 left on base; Niagara Falls 2 - St Charles 1 |
BOTTOM OF THE 9TH |
St Charles Sheens batting - Pitching for Niagara Falls Frenzy : RHP Ángel Francisco
|
Pitching: RHP Esteban Juárez
|
|
Now at C: Juan Sánchez
|
|
Now at 1B: Bryce Hester
|
|
Now at 3B: Seung-woo Yi
|
|
Batting: LHB Jeff Carter
|
0-0: Ball 1-0: Ball 2-0: Ball 3-0: Called Strike 3-1: Fly out, F5 (Popup, 5DF)
|
Batting: RHB Alfredo Rivera
|
0-0: Swinging Strike 0-1: Swinging Strike 0-2: Strikes out swinging
|
Batting: LHB Bob Ware
|
0-0: Ball 1-0: Ground out U3 (Groundball, 3)
|
Bottom of the 9th over - 0 run(s), 0 hit(s), 0 error(s), 0 left on base; Niagara Falls 2 - St Charles 1 |
|